 Dungeon Crawl Stone Soup version 0.32-a0-898-g7811c86cf0 (webtiles) character file.

Game seed: 12565003118553058554

147399 Autsider the Earth Mage (level 17, -10/106 HPs)
             Began as a Gargoyle Earth Elementalist on Apr 4, 2024.
             Was an Initiate of Gozag.
             Mangled by a five-headed hydra (21 damage)
             ... on level 4 of the Swamp.
             The game lasted 02:58:32 (41771 turns).

Autsider the Earth Mage (GrEE)                     Turns: 41771, Time: 02:58:33

Health: -10/106    AC: 32    Str: 14    XL:     17   Next: 46%
Magic:  20/31      EV: 12    Int: 25    God:    Gozag
Gold:   2235       SH: 17    Dex: 15    Spells: 4/36 levels left

rFire   + . .        h - +5 demon trident (drain)
rCold   . . .        w - +2 kite shield "Xiolec" {Rampage *Slow Slay+2}
rNeg    + + +        J - +7 leather armour of the Playwright {Rampage rCorr}
rPois   ∞            Z - +1 helmet {Int+3}
rElec   +            a - +0 cloak
rCorr   +            t - +2 pair of gloves {hurl}
SInv    .            d - +0 pair of boots
Will    +....        I - amulet of reflection
Stlth   +++          V - ring "Warph" {^Drain rF+ rN+ rCorr Dex+5 Stlth+}
HPRegen 0.37/turn    Y - ring "Nelaagam" {Wiz rElec rN+}
MPRegen 0.22/turn

%: slow self (1%), reflection, rampage, wizardry (x1)
@: gold aura, flying, slowed, very slow
A: sickness immunity, AC +12, big wings, negative energy resistance 1,
electricity resistance, torment resistance 1, petrification resistance
a: Renounce Religion, Potion Petition, Call Merchant, Bribe Branch


You were on level 4 of the Swamp.
You worshipped Gozag.
Gozag was most pleased with you.
You visited 5 branches of the dungeon, and saw 27 of its levels.
You also visited: Sewer, Gauntlet and Ice Cave.

You collected 11715 gold pieces.
You spent 5214 gold pieces at shops.
You paid 4266 gold pieces to Gozag.

Inventory:

Hand Weapons
 h - a +5 demon trident of draining (weapon)
 K - a +2 heavy eveningstar
Armour
 a - a +0 cloak (worn)
 d - a +0 pair of boots (worn)
 t - a +2 pair of gloves of hurling (worn)
 u - a +2 buckler
 w - the +2 kite shield "Xiolec" (worn) {Rampage *Slow Slay+2}
   (You bought it in a shop on level 11 of the Dungeon)

   Slay+2:    It affects your accuracy & damage with ranged weapons and melee
   (+2).
   *Slow:     It may slow you when you take damage.
   Rampage:   It bestows one free step when moving towards enemies.
 J - the +7 leather armour of the Playwright (worn) {Rampage rCorr}
   (You bought it in a shop on level 11 of the Dungeon)

   rCorr:     It protects you from acid and corrosion.
   Rampage:   It bestows one free step when moving towards enemies.
 Z - a +1 helmet of intelligence (worn)
Magical Staves
 c - a staff of conjuration
Jewellery
 j - a +6 ring of intelligence
 z - the ring of Mistrust {+Blink MP+9}
   (You took it off a centaur on level 12 of the Dungeon)

   [ring of magical power]

   MP+9:      It affects your magic capacity (+9).
   +Blink:    It lets you blink.
 G - a ring of protection from cold
 I - an amulet of reflection (around neck)
 M - a ring of willpower
 O - an amulet of regeneration
 Q - a ring of positive energy
 T - a ring of see invisible
 V - the ring "Warph" (left hand) {^Drain rF+ rN+ rCorr Dex+5 Stlth+}
   (You found it on level 5 of the Lair of Beasts)

   [ring of positive energy]

   Dex+5:     It affects your dexterity (+5).
   rF+:       It protects you from fire.
   rN+:       It protects you from negative energy.
   rCorr:     It protects you from acid and corrosion.
   ^Drain:    It drains your maximum health when unequipped.
   Stlth+:    It makes you more stealthy.
 Y - the ring "Nelaagam" (right hand) {Wiz rElec rN+}
   (You bought it in a shop on level 2 of the Orcish Mines)

   [ring of wizardry]

   Wiz:       It improves your spell success rate.
   rElec:     It insulates you from electricity.
   rN+:       It protects you from negative energy.
Wands
 f - a wand of charming (11)
 l - a wand of quicksilver (10)
 s - a wand of digging (3)
 C - a wand of mindburst (9)
 L - a wand of roots (37)
 N - a wand of polymorph (18)
Scrolls
 e - 9 scrolls of immolation
 g - 8 scrolls of teleportation {@r2}
 n - 6 scrolls of fog
 o - 4 scrolls of fear
 r - 2 scrolls of vulnerability
 x - 4 scrolls of revelation
 A - 5 scrolls of blinking
 B - 5 scrolls of amnesia
 R - 7 scrolls of identify {@r1}
 U - 2 scrolls of poison
 W - a scroll of torment
Potions
 b - 2 potions of magic
 i - 4 potions of enlightenment
 k - 2 potions of invisibility
 m - 9 potions of ambrosia
 p - 6 potions of heal wounds {@q2}
 q - 10 potions of curing {@q1}
 v - 5 potions of brilliance
 D - a potion of berserk rage
 E - 3 potions of cancellation
 F - 4 potions of haste
 H - a potion of mutation
 P - 3 potions of lignification
 S - 3 potions of might
 X - a potion of resistance {unknown}
Miscellaneous
 y - a Gell's gravitambourine (2/2)


   Skills:
 - Level 12.0 Fighting
 + Level 8.7 Polearms
 - Level 10.0 Armour
 - Level 6.0 Dodging
 - Level 2.1 Stealth
 - Level 8.0 Shields
 + Level 10.0 Spellcasting
 + Level 12.0 Conjurations
 - Level 6.0 Summonings
 - Level 6.0 Necromancy
 - Level 3.0 Translocations
 - Level 4.0 Ice Magic
 - Level 4.0 Air Magic
 - Level 16.0 Earth Magic
 - Level 4.0 Alchemy
 - Level 6.0 Evocations


You had 4 spell levels left.
You knew the following spells:

 Your Spells              Type           Power      Damage    Failure   Level
a - Sandblast             Erth           100%       2d20      0%          1
b - Stone Arrow           Conj/Erth      100%       3d13      1%          3
c - Iskenderun's Battles  Conj           64%        2d11      1%          5
d - Iskenderun's Mystic   Conj/Tloc      50%        2d11      (+2d62%     4
e - Borgnjor's Vile Clut  Necr/Erth      30%        N/A       1%          5
f - Irradiate             Conj/Alch      26%        3d20      6%          5
w - Mephitic Cloud        Conj/Alch/Air  46%        N/A       1%          3
z - Blink                 Tloc           54%        N/A       2%          2
A - Animate Armour        Summ/Erth      100%       N/A       1%          4

Your spell library contained the following spells:

 Spells                   Type           Power      Damage    Failure   Level
 Apportation              Tloc           54%        N/A       1%          1
 Necrotise                Necr           100%       1d9       1%          1
 Sting                    Conj/Alch      100%       1d9       1%          1
 Summon Small Mammal      Summ           100%       N/A       1%          1
 Mercury Vapours          Alch/Air       64%        N/A       1%          2
 Momentum Strike          Conj/Tloc      100%       3d10      1%          2
 Hailstorm                Conj/Ice       52%        3d10      1%          3
 Passwall                 Erth           75%        N/A       1%          3
 Vampiric Draining        Necr           42%        2d9       1%          3
 Brom's Barrelling Bould  Conj/Erth      70%        2d8       1%          4
 Petrify                  Alch/Erth      58%        N/A       1%          4
 Lesser Beckoning         Tloc           54%        N/A       2%          2
 Summon Ice Beast         Ice/Summ       37%        N/A       2%          3
 Frozen Ramparts          Ice            64%        1d10      3%          3
 Ozocubu's Armour         Ice            32%        N/A       3%          3
 Teleport Other           Tloc           27%        N/A       5%          3
 Flame Wave               Conj/Fire      42%        2d11      5%          4
 Martyr's Knell           Necr/Summ      42%        N/A       5%          4
 Vhi's Electric Charge    Tloc/Air       60%        N/A       14%         4
 Inner Flame              Hex/Fire       12%        N/A       17%         3
 Tukima's Dance           Hex            12%        N/A       17%         3
 Passage of Golubria      Tloc           27%        N/A       17%         4
 Ignite Poison            Fire/Alch      22%        N/A       26%         4
 Sticky Flame             Fire/Alch      22%        2d6       26%         4
 Dimensional Bullseye     Hex/Tloc       10%        N/A       32%         4
 Arcjolt                  Conj/Air       26%        1d36      6%          5
 Freezing Cloud           Conj/Ice/Air   23%        6-21      11%         5
 Curse of Agony           Necr           42%        N/A       14%         5
 Fireball                 Conj/Fire      21%        3d10      14%         5
 Permafrost Eruption      Ice/Erth       29%        2x4d7     16%         6
 Alistair's Intoxication  Alch           21%        N/A       32%         5
 Summon Mana Viper        Hex/Summ       27%        N/A       43%         5
 Metabolic Englaciation   Hex/Ice        11%        N/A       56%         5
 Yara's Violent Unravell  Hex/Alch       11%        3d6       56%         5
 Lehudib's Crystal Spear  Conj/Erth      35%        10d9      75%         8
 Eringya's Noxious Bog    Alch           16%        4d6       85%         6
 Sculpt Simulacrum        Ice/Alch       16%        N/A       85%         6
 Dispersal                Tloc           13%        N/A       92%         6
 Gell's Gavotte           Tloc           13%        2d(17-25) 92%         6
 Monstrous Menagerie      Summ           21%        N/A       98%         7
 Ignition                 Fire           6%         3d4       100%        8
 Cigotuvi's Dreadful Rot  Necr/Alch/Air  Unusable   N/A       N/A         2

Dungeon Overview and Level Annotations

Branches:
Dungeon (15/15)            Temple (1/1) D:5            Lair (5/5) D:11
  Swamp (4/4) Lair:3       Spider (0/4) Lair:2        Slime (0/5) Lair:4
    Orc (2/2) D:9             Elf (0/3) Orc:2        Vaults (0/5) D:13
 Depths (0/4) D:15          Sewer (visited)           IceCv (visited)
Gauntlet (visited)

Altars:
Ashenzari
Cheibriados
Dithmenos
Elyvilon
Fedhas
Gozag
Hepliaklqana
Kikubaaqudgha
Makhleb
Nemelex Xobeh
Okawaru
Qazlal
Ru
Sif Muna
Trog
Uskayaw
Vehumet
Wu Jian
Xom
Yredelemnul
Zin
The Shining One
Beogh
Lugonu

Shops:
D:1 (   D:4 :   D:11 *(([[   D:12 (=*!?   Orc:2 *([=*

Portals:
Abyss: Lair:5

Annotations:
D:9 exclusion: upstairs
D:12 exclusions: downstairs and upstairs
D:14 4 transporters
Temple 2 transporters
Lair:2 1 runed translucent door, exclusion: downstairs, Pewn's ghost, journeyman HOBe


Innate Abilities, Weirdness & Mutations

You are immune to sickness and miasma.
Your stone body is resilient. (AC +12)
You are immune to poison.
Your large and strong wings let you fly.
You resist negative energy. (rN+)
You are resistant to electric shocks. (rElec)
You are resistant to unholy torment.
You are immune to petrification.


Message History

The blast of sand hits the spriggan.
The spriggan is moderately wounded.
You block the spriggan's attack.
You block the five-headed hydra's attack.
The five-headed hydra bites you but does no damage.
The five-headed hydra barely misses you.
You block the five-headed hydra's attack.
The five-headed hydra bites you but does no damage.
The spriggan hits you but does no damage.
The five-headed hydra closely misses you. x2
The five-headed hydra bites you!
* * * LOW HITPOINT WARNING * * *
The five-headed hydra barely misses you.
The five-headed hydra bites you!
* * * LOW HITPOINT WARNING * * *
The spriggan hits you with a +0 short sword.
* * * LOW HITPOINT WARNING * * *
Casting: Sandblast (safe; 0% risk of failure)
Confirm with . or Enter, or press ? or * to list all spells.
Aiming: Sandblast (safe; 0% risk of failure)
Press: ? - help, Shift-Dir - straight line, f/p - spriggan
Aim: a spriggan, wielding a +0 short sword and wearing a +0 robe (lightly wounded, 70% to hit)
The blast of sand hits the spriggan!!
You kill the spriggan!
The spriggan is no longer distracted by gold.
You block the spriggan's attack.
You block the five-headed hydra's attack.
The five-headed hydra completely misses you.
The five-headed hydra bites you but does no damage.
The five-headed hydra bites you!
* * * LOW HITPOINT WARNING * * *
The five-headed hydra bites you!
* * * LOW HITPOINT WARNING * * *
You block the spriggan's attack.
The five-headed hydra barely misses you.
The five-headed hydra bites you!
* * * LOW HITPOINT WARNING * * *
The five-headed hydra bites you!!
You die...
Your body crumbles into a pile of gold.

♣♣♣~~.♣......~~~~.~~~~
♣♣~♣♣~~..~.♣♣..~~~~~~~~
♣~§.♣~...♣♣♣♣~~~~~~~~~~
♣~...~.♣.♣♣♣~~~~~~~~~~
♣.~~....§.♣♣~~~~~..~§~
♣♣...~..~.♣♣~~~~..~~~~
♣♣.♣$~....♣♣~~~~~~~~~§
♣.?..*..~♣♣♣.~~~~♣.~~~
♣♣..$@~~.~♣ ~~..~~~
♣.~iD$...... .~~~~~§
♣.~.......... ...~~~~
♣....~....#### ......♣
♣....~..###... ♣♣♣
♣?.~...## . ♣~..~..#
♣.....##


You could see a five-headed hydra (strong), a spriggan and a friendly
battlesphere (wandering).

Vanquished Creatures
  Mlioglotl (Swamp:2)
  Rupert (D:13)
  A thorn hunter (Swamp:3)
  Louise (Swamp:2)
  2 orc warlords
  An ironbound preserver (D:13)
  3 eleionomae
  Nessos (D:13)
  3 bunyips
  Harold (Lair:2)
  16 hydras
  2 rakshasas (D:15)
  An ice dragon (D:11)
  Erolcha (D:11)
  The ghost of Autsider the Geomancer, a journeyman GrEE of Gozag (Lair:1)
  2 ghost crabs
  An ogre mage (D:15)
  8 two-headed ogres
  5 boulder beetles
  2 catoblepae (Lair:4)
  4 centaur warriors
  11 alligators
  4 thrashing horrors (Lair:5)
  4 tengu warriors
  2 occultists (D:15)
  2 orc high priests
  A death yak (Lair:4)
  Sonja (D:10)
  3 skeletal warriors (D:15)
  A skyshark (Lair:5)
  5 goliath frogs
  6 spriggan druids
  10 swamp dragons
  2 large abominations (Lair:5)
  7 bog bodies
  A glowing orange brain (D:13)
  An orc knight (D:11)
  A necromancer (D:15)
  An obsidian bat (Orc:2)
  2 deep elf pyromancers
  A wolf spider zombie (D:15)
  A harpy (shapeshifter) (Lair:5)
  5 ugly things (D:14)
  8 cyclopes
  3 will-o-the-wisps
  5 manticores
  A meliai (shapeshifter) (D:15)
  4 kobold blastminers (Orc:2)
  18 elephants
  2 smoke demons (Lair:5)
  3 meliai (D:13)
  6 black mambas
  An ice statue (IceCv)
  Jeremiah (D:9)
  2 torpor snails (Lair:1)
  8 cane toads
  12 komodo dragons
  A gargoyle (D:11)
  2 unseen horrors
  2 freezing wraiths
  2 efreet
  2 tengu conjurers
  A bloated husk (Swamp:3)
  2 queen bees
  3 trolls
  6 polar bears
  9 tyrant leeches
  28 blink frogs
  A wolf spider simulacrum (D:15)
  12 hornets
  3 raiju (Lair:5)
  A slime creature (D:11)
  2 shadows
  4 centaur simulacra
  Sigmund (D:5)
  A spriggan (shapeshifter) (D:13)
  A culicivora (shapeshifter) (D:13)
  10 spriggans
  A ynoxinul (Lair:5)
  4 wyverns
  49 yaks
  2 wraiths
  2 dire elephant simulacra (IceCv)
  A basilisk (shapeshifter) (D:13)
  11 basilisks
  A chaos spawn (Lair:5)
  A steam dragon (D:6)
  2 death yak simulacra (IceCv)
  2 wargs (Orc:1)
  3 harpy simulacra (IceCv)
  7 vampire mosquitoes
  9 small abominations (Lair:5)
  12 swamp worms
  13 water moccasins
  3 hydra simulacra (IceCv)
  3 acid dragons
  A meliai simulacrum (D:14)
  2 ice beasts
  36 orc warriors
  10 swamp drakes
  A hornet zombie (D:15)
  A black bear (shapeshifter) (Lair:5)
  3 black bears
  11 ogres
  A wolf (D:15)
  13 centaurs
  A phantom (D:4)
  8 bullfrogs
  8 kobold brigands
  4 two-headed ogre simulacra (IceCv)
  5 scorpions
  2 gnoll sergeants
  5 wights (D:8)
  4 cane toad simulacra (IceCv)
  2 elephant simulacra (IceCv)
  52 killer bees
  2 electric eels (Lair:1)
  2 howler monkeys
  2 bombardier beetles
  4 jellies
  3 hounds
  20 orc priests
  A gnoll bouda (D:9)
  An iguana (D:6)
  20 orc wizards
  4 troll simulacra (IceCv)
  A boggart skeleton (D:15)
  7 spriggan simulacra (IceCv)
  A polar bear simulacrum (IceCv)
  A wolf simulacrum (IceCv)
  6 adders
  6 gnolls
  3 naga simulacra (IceCv)
  2 river rats (D:3)
  14 white imps
  10 ufetubi
  A dart slug (D:2)
  5 ribbon worms
  100 orcs
  4 bats
  5 endoplasms
  4 giant cockroaches
  8 goblins
  4 hobgoblins
  3 jackals (D:1)
  7 ball pythons
  2 frilled lizards (D:1)
  26 kobolds
  11 rats
884 creatures vanquished.

Vanquished Creatures (collateral kills)
  A yak (D:12)
1 creature vanquished.

Vanquished Creatures (others)
  A komodo dragon (D:11)
  A wolf spider simulacrum (D:15)
  A blink frog (Lair:5)
  2 bloated husks
  A water elemental (D:15)
  2 small abominations (Lair:5)
  An orc wizard (D:8)
  3 foxfires (Swamp:2)
12 creatures vanquished.

Grand Total: 897 creatures vanquished

Notes
Turn   | Place    | Note
-------+----------+-------------------------------------------
     0 | D:1      | Autsider the Gargoyle Earth Elementalist began the quest
                  | for the Orb.
     0 | D:1      | Reached XP level 1. HP: 10/10 MP: 3/3
   156 | D:1      | Reached XP level 2. HP: 16/16 MP: 1/5
   334 | D:1      | Reached skill level 4 in Earth Magic
   571 | D:1      | Found Kianaep's Antique Weapon Boutique.
  1200 | D:2      | Reached skill level 1 in Fighting
  1241 | D:2      | Reached XP level 3. HP: 20/20 MP: 2/6
  1994 | D:3      | Learned a level 3 spell: Stone Arrow
  1997 | D:3      | Learned a level 2 spell: Blink
  2020 | D:3      | Reached XP level 4. HP: 22/25 MP: 1/7
  2027 | D:3      | Found a glowing drain.
  2117 | Sewer    | Entered a sewer
  2196 | Sewer    | Noticed a kobold brigand
  2201 | Sewer    | Killed a kobold brigand
  2202 | Sewer    | Reached skill level 5 in Earth Magic
  2202 | Sewer    | Reached XP level 5. HP: 30/30 MP: 3/9
  2262 | Sewer    | Reached skill level 1 in Translocations
  2342 | Sewer    | Noticed a kobold brigand
  2353 | Sewer    | Killed a kobold brigand
  2509 | Sewer    | Reached XP level 6. HP: 35/35 MP: 8/10
  2805 | D:3      | Found a shimmering blue altar of Sif Muna.
  2822 | D:3      | Found a snail-covered altar of Cheibriados.
  2936 | D:3      | Found a faded altar of an unknown god.
  3303 | D:4      | Learned a level 4 spell: Animate Armour
  3626 | D:4      | Reached skill level 6 in Earth Magic
  3630 | D:4      | Reached XP level 7. HP: 34/40 MP: 3/11
  3849 | D:4      | Found a white marble altar of Elyvilon.
  3882 | D:4      | Found Daewa's Book Shop.
  3885 | D:4      | Bought a book of Vapours for 260 gold pieces
  4093 | D:5      | Entered Level 5 of the Dungeon
  4102 | D:5      | Identified a scroll of acquirement
  4103 | D:5      | Acquired a staff of conjuration
  4125 | D:5      | Found a staircase to the Ecumenical Temple.
  4134 | Temple   | Found a transporter.
  4134 | Temple   | Found a transporter.
  4134 | Temple   | Found a transporter.
  4134 | Temple   | Found a transporter.
  4134 | Temple   | Entered the Ecumenical Temple
  4271 | D:5      | Reached skill level 1 in Summonings
  4291 | D:5      | Noticed Sigmund
  4300 | D:5      | Killed Sigmund
  4306 | D:5      | Reached XP level 8. HP: 46/46 MP: 11/13
  4401 | D:5      | Reached skill level 7 in Earth Magic
  4401 | D:5      | Reached skill level 1 in Alchemy
  4428 | D:5      | Identified the +4 robe "Inea" {+Blink}
  4846 | Temple   | Became a worshipper of Gozag Ym Sagoz the Greedy
  5069 | D:6      | Learned a level 3 spell: Mephitic Cloud
  5436 | D:6      | Reached skill level 8 in Earth Magic
  5833 | D:7      | Reached XP level 9. HP: 48/52 MP: 7/15
  6014 | D:7      | Reached skill level 5 in Fighting
  6185 | D:7      | Reached skill level 5 in Spellcasting
  6726 | D:8      | Reached skill level 9 in Earth Magic
  7173 | D:9      | Reached XP level 10. HP: 61/61 MP: 14/18
  7271 | D:9      | Reached skill level 5 in Summonings
  7274 | D:9      | Reached skill level 10 in Earth Magic
  7362 | D:9      | Found a flagged portal.
  7510 | D:9      | Found a staircase to the Orcish Mines.
  7631 | D:9      | Noticed Jeremiah
  7658 | D:9      | Killed Jeremiah
  7911 | D:9      | Reached skill level 11 in Earth Magic
  8459 | D:9      | Found a glowing silver altar of Zin.
  8577 | D:9      | Reached XP level 11. HP: 60/69 MP: 16/20
  8767 | D:9      | Noticed a two-headed ogre
  8835 | D:9      | Killed a two-headed ogre
  8836 | D:9      | Reached skill level 12 in Earth Magic
  9013 | D:9      | Noticed a centaur warrior
  9022 | D:9      | Killed a centaur warrior
  9022 | D:9      | Noticed a tengu warrior
  9023 | D:9      | Reached skill level 10 in Fighting
  9275 | D:9      | Noticed a cyclops
  9284 | D:9      | Killed a cyclops
  9289 | D:9      | Noticed a boulder beetle
  9332 | D:9      | Killed a boulder beetle
  9615 | D:10     | Entered Level 10 of the Dungeon
  9647 | D:10     | Reached skill level 13 in Earth Magic
 10626 | D:10     | Found a hazy altar of Hepliaklqana.
 10923 | D:10     | Found a broken altar of Ashenzari.
 10923 | D:10     | Noticed Sonja
 10931 | D:10     | Killed Sonja
 11049 | D:10     | Reached XP level 12. HP: 80/80 MP: 18/21
 11065 | D:10     | Reached skill level 14 in Earth Magic
 11120 | D:10     | Found a stormy altar of Qazlal.
 11338 | D:8      | Reached skill level 1 in Armour
 11914 | D:4      | Bought the Incunabulum of Dislocated Fulmination for 480
                  | gold pieces
 11914 | D:4      | Bought the Lessons on Forces and the Xenolith for 360 gold
                  | pieces
 11914 | D:4      | Bought Great Wizards, Vol. II for 380 gold pieces
 11920 | D:4      | Learned a level 5 spell: Borgnjor's Vile Clutch
 12214 | D:11     | Noticed a two-headed ogre
 12214 | D:11     | Noticed a two-headed ogre
 12241 | D:11     | Killed a two-headed ogre
 12242 | D:11     | Reached skill level 1 in Air Magic
 12271 | D:11     | Killed a two-headed ogre
 12632 | D:11     | Reached skill level 5 in Conjurations
 12773 | D:11     | Noticed Erolcha
 12877 | D:11     | Killed Erolcha
 12995 | D:11     | Noticed an ice dragon
 13231 | D:11     | Noticed a centaur warrior
 13237 | D:11     | Killed a centaur warrior
 13348 | D:11     | Identified the +3 halberd "Haeluj" {heavy, Str+2 Dex+3
                  | Stlth+}
 13437 | D:11     | Found Adwegh's Assorted Antiques.
 13445 | D:11     | Bought a scroll of identify for 68 gold pieces
 13445 | D:11     | Bought a fizzy cyan potion for 30 gold pieces
 13445 | D:11     | Bought a twisted ruby ring for 170 gold pieces
 13622 | D:12     | Identified the ring of Mistrust {+Blink MP+9}
 13747 | D:12     | Found a gate leading to a gauntlet.
 13769 | D:12     | Found Faulev's Magic Scroll Shoppe.
 13777 | D:12     | Bought a scroll of blinking for 127 gold pieces
 13777 | D:12     | Bought a scroll of identify for 34 gold pieces
 13777 | D:12     | Bought a scroll of identify for 34 gold pieces
 13777 | D:12     | Bought a scroll of identify for 34 gold pieces
 13795 | Gauntlet | Entered a Gauntlet
 13795 | Gauntlet | Noticed a death scarab
 13795 | Gauntlet | Found a transporter.
 13795 | Gauntlet | Found a transporter.
 13799 | Gauntlet | Found a transporter.
 13799 | Gauntlet | Found a transporter.
 13799 | Gauntlet | Found a transporter.
 13799 | Gauntlet | Found a transporter.
 13806 | Gauntlet | Noticed a quicksilver ooze
 13811 | Gauntlet | Found a transporter.
 13813 | Gauntlet | Found a transporter.
 13815 | Gauntlet | Noticed a balrug
 13823 | Gauntlet | Found a transporter.
 13926 | Gauntlet | Found a transporter.
 13928 | Gauntlet | Found a transporter.
 13940 | Gauntlet | Found a transporter.
 13954 | Gauntlet | Noticed a blizzard demon
 14069 | D:12     | Found Tighukhlu's Distillery.
 14077 | D:12     | Bought a potion of heal wounds for 65 gold pieces
 14077 | D:12     | Bought a potion of haste for 130 gold pieces
 14077 | D:12     | Bought a potion of brilliance for 52 gold pieces
 14077 | D:12     | Bought a potion of curing for 39 gold pieces
 14077 | D:12     | Bought a potion of curing for 39 gold pieces
 14077 | D:12     | Bought a potion of heal wounds for 65 gold pieces
 14077 | D:12     | Bought a potion of attraction for 39 gold pieces
 14266 | D:12     | Found Enorerch's General Store.
 14293 | D:12     | Found Qucesm's Weapon Shop.
 14349 | D:12     | Found Ojeher's Jewellery Shop.
 14356 | D:12     | Bought a ring of see invisible for 240 gold pieces
 14372 | D:12     | Noticed a two-headed ogre
 14380 | D:12     | Killed a two-headed ogre
 15050 | D:11     | Noticed a boulder beetle
 15103 | D:11     | Killed a boulder beetle
 15342 | D:11     | Noticed a boulder beetle
 15356 | D:11     | Reached XP level 13. HP: 36/86 MP: 15/22
 15570 | D:11     | Learned a level 5 spell: Iskenderun's Battlesphere
 15587 | D:11     | Found a staircase to the Lair.
 15596 | Lair:1   | Entered Level 1 of the Lair of Beasts
 15816 | Lair:1   | Found an iron altar of Okawaru.
 16034 | Lair:1   | Reached skill level 5 in Dodging
 16121 | Lair:1   | Noticed Autsider's ghost (journeyman GrEE)
 16131 | Lair:1   | Found a transporter.
 16247 | Lair:1   | Found a snail-covered altar of Cheibriados.
 17183 | Lair:1   | Found a transporter.
 17250 | Lair:2   | Found a dark tunnel.
 17279 | Lair:2   | Found a frozen archway.
 17286 | IceCv    | Entered an ice cave
 19223 | IceCv    | Identified the +5 spear of World Downfall {speed, rF+
                  | Str+2}
 19660 | Lair:2   | Found a hole to the Spider Nest.
 19742 | Lair:2   | Noticed Harold
 19752 | Lair:2   | Killed Harold
 19765 | Lair:2   | Reached skill level 1 in Necromancy
 20142 | Lair:2   | Found a shimmering altar of Xom.
 20142 | Lair:2   | Noticed Pewn's ghost (journeyman HOBe)
 20143 | Lair:2   | Found a runed translucent door.
 20824 | Lair:3   | Reached skill level 10 in Conjurations
 21716 | Lair:3   | Gained mutation: Your large and strong wings let you fly.
                  | [Gargoyle growth]
 21716 | Lair:3   | Reached XP level 14. HP: 91/92 MP: 22/25
 21853 | Lair:3   | Found a staircase to the Swamp.
 21942 | Lair:4   | Found a staircase to the Slime Pits.
 23417 | Lair:5   | Entered Level 5 of the Lair of Beasts
 23737 | Lair:5   | Reached skill level 10 in Spellcasting
 24136 | Lair:5   | Reached skill level 5 in Armour
 24462 | Lair:5   | Acquired 811 gold pieces
 25169 | Lair:5   | Reached XP level 15. HP: 77/96 MP: 0/29
 25366 | Lair:5   | Found a corrupted altar of Lugonu.
 25366 | Lair:5   | Found a one-way gate to the infinite horrors of the Abyss.
 25375 | Lair:5   | Identified the ring "Warph" {^Drain rF+ rN+ rCorr Dex+5
                  | Stlth+}
 25820 | Lair:5   | Reached skill level 15 in Earth Magic
 26537 | D:11     | Bought a +0 helmet of intelligence for 161 gold pieces
 26547 | D:11     | Bought a scorched kite shield for 218 gold pieces
 26547 | D:11     | Identified the +2 kite shield "Xiolec" {Rampage *Slow
                  | Slay+2} (You bought it in a shop on level 11 of the
                  | Dungeon)
 26547 | D:11     | Bought a glowing scale mail for 161 gold pieces
 26547 | D:11     | Bought a pair of embroidered gloves for 172 gold pieces
 26820 | D:12     | Bought an amulet of reflection for 480 gold pieces
 27181 | D:13     | Reached skill level 1 in Shields
 27189 | D:13     | Reached skill level 1 in Evocations
 27563 | D:11     | Bought a twisted leather armour for 161 gold pieces
 27563 | D:11     | Identified the +7 leather armour of the Playwright {Rampage
                  | rCorr} (You bought it in a shop on level 11 of the Dungeon)
 27821 | D:13     | Noticed Rupert
 27823 | D:13     | Paralysed by Rupert for 5 turns
 27980 | D:13     | Paralysed by Rupert for 2 turns
 27987 | D:13     | Paralysed by Rupert for 2 turns
 28173 | D:13     | Noticed Nessos
 28177 | D:13     | Killed Nessos
 28306 | D:13     | Found a gate to the Vaults.
 28974 | D:14     | Found a transporter.
 28981 | D:14     | Found a transporter.
 29313 | D:14     | Found a transporter.
 29327 | D:14     | Found an iron altar of Okawaru.
 29856 | D:14     | Found a transporter.
 30100 | D:15     | Entered Level 15 of the Dungeon
 30646 | D:15     | Reached skill level 16 in Earth Magic
 31018 | D:15     | Reached skill level 5 in Shields
 31401 | D:15     | Reached skill level 5 in Evocations
 31562 | D:15     | Reached XP level 16. HP: 87/101 MP: 17/30
 31875 | D:15     | Found a staircase to the Depths.
 32509 | D:13     | Killed Rupert
 32833 | Orc:1    | Entered Level 1 of the Orcish Mines
 33207 | Orc:2    | Entered Level 2 of the Orcish Mines
 33338 | Orc:2    | Found a roughly hewn altar of Beogh.
 33410 | Orc:2    | Found Umpekos's Gadget Gallery.
 33627 | Orc:2    | Found a staircase to the Elven Halls.
 33825 | Orc:2    | Found a roughly hewn altar of Beogh.
 33881 | Orc:2    | Found Siexat's Jewellery Emporium.
 34155 | Orc:2    | Found a roughly hewn altar of Beogh.
 34167 | Orc:2    | Reached skill level 1 in Ice Magic
 34518 | Orc:2    | Found Rablocoe's Antique Weapon Emporium.
 34519 | Orc:2    | Found a roughly hewn altar of Beogh.
 34522 | Orc:2    | Found Hier's Antique Armour Shoppe.
 34632 | Orc:2    | Found a roughly hewn altar of Beogh.
 34644 | Orc:2    | Found Xicaog's General Store.
 34816 | Orc:2    | Found a roughly hewn altar of Beogh.
 34923 | Orc:2    | Found a roughly hewn altar of Beogh.
 35039 | Orc:2    | Bought the ring "Nelaagam" {Wiz rElec rN+} for 626 gold
                  | pieces
 35944 | D:11     | Bought a +2 demon trident of flaming for 507 gold pieces
 36008 | D:12     | Bought a scroll of enchant weapon for 82 gold pieces
 36280 | D:4      | Learned a level 4 spell: Iskenderun's Mystic Blast
 36286 | D:4      | Learned a level 5 spell: Irradiate
 36598 | Lair:1   | Killed Autsider's ghost
 36782 | Swamp:1  | Entered Level 1 of the Swamp
 36798 | Swamp:1  | Reached skill level 1 in Polearms
 38115 | Swamp:2  | Reached skill level 5 in Necromancy
 38275 | Swamp:2  | Noticed Louise
 38284 | Swamp:2  | Killed Louise
 38455 | Swamp:2  | Noticed Mlioglotl
 38465 | Swamp:2  | Killed Mlioglotl
 38708 | Swamp:2  | Reached skill level 10 in Armour
 39251 | Swamp:2  | Reached XP level 17. HP: 106/106 MP: 17/31
 39425 | Swamp:2  | Identified the +5 scimitar of Gukehawn {venom, Str+3 Dex+4}
 39621 | Swamp:3  | Reached skill level 5 in Polearms
 40714 | Swamp:4  | Entered Level 4 of the Swamp
 41771 | Swamp:4  | Mangled by a five-headed hydra

Illustrated notes

Levels and vault maps discovered:
D:1:      saegor_arrival_fortress, layout_basic, serial_shops,
          nicolae_shop_statue_plus, roderic_lattice_a
D:2:      layout_loops_cross, minmay_hexomino_c4
D:3:      layout_rooms, mainiacjoe_overflow_large_starburst,
          portal_sewer_entry_b, hellmonk_ecumenical_altar_blasted,
          grunt_ministairs_7
D:4:      layout_basic, nicolae_overflow_crystal_walls, serial_shops,
          nicolae_shop_real_fake_doors
D:5:      layout_gridville, minmay_temple_entry_statues_fountains, uniq_sigmund
D:6:      layout_basic, amcnicky_mini_pool_small, kennysheep_generic_room_11
D:7:      layout_basic, fountainhead
D:8:      layout_gridville
D:9:      minmay_slanted_spiral_squares, layout_long_grid, zin_scriptorium,
          david_orc_2, special_room [special_room_bee], enter_bailey_8,
          uniq_jeremiah
D:10:     layout_loops_cross, mainiacjoe_overflow_two_lobes,
          nzn_hepliaklqana_mist_gate, grunt_decor_clamped,
          hangedman_decor_growths, minmay_tree_intersection, uniq_sonja
D:11:     minmay_the_grid_net [minmay_the_grid_dragon_a,
          minmay_the_grid_tiny_cups, minmay_the_grid_minigrid_small,
          minmay_the_grid_outer_circle, minmay_the_grid_spikes,
          minmay_the_grid_prize_big_room], layout_small_grid, serial_shops,
          shop, uniq_erolcha
D:12:     layout_long_grid, gauntlet_entry_generic, serial_shops, shop, shop,
          shop, shop, shop
D:13:     layout_gridville, hellmonk_vaults_order_and_chaos,
          small_statue_intersection, uniq_nessos, uniq_rupert
D:14:     layout_roguey, old_standard_altar, nicolae_transporter_intersection
D:15:     grunt_enter_depths_magical_seal, layout_long_grid,
          ebering_dispersal_statue_hall, serial_ice, serial_ice_l, serial_ice_d,
          serial_ice_g, serial_ice_m, serial_ice_b, serial_ice_o, serial_ice_f,
          nicolae_lava_and_water
Temple:   hellmonk_temple_divided_pantheon
Lair:1:   layout_long_grid, basic_altar, gammafunk_ghost_hive, st_stairs_3,
          kennysheep_snail_temple, serial_bayou_shore_a
Lair:2:   layout_chaotic_city, nicolae_spider_entry_non_spiders,
          lightli_volcano_entry_magma_tube, ebering_ghost_xom,
          portal_ice_cave_entry_pillars_1, columned_hall_lemuel,
          grunt_forest_small_clearings, uniq_harold
Lair:3:   layout_regular_city, mainiacjoe_swamp_entry_angry_trees,
          infiniplex_staircase_pool, grunt_megastairs_4, lemuel_fruit_tree,
          lemuel_fruit_fields, lemuel_fruit_fields
Lair:4:   beast_lair_carwin_large_2, layout_long_grid, slime_entry_1
Lair:5:   hellmonk_lair_end_abyssal_woods, layout_gridlike, lemuel_fruit_fields,
          serial_bayou_shore_b, grunt_megastairs_2
Swamp:1:  layout_falls_marsh, evilmike_swamp_ruin_house_5
Swamp:2:  layout_falls_marsh, evilmike_swamp_ruin_rubble_2, swamp_pool_1_2,
          infiniplex_staircase_pool_2, uniq_mlioglotl, uniq_louise
Swamp:3:  layout_basic_swamp, nicolae_swamp_tree_designs
Swamp:4:  swamp, layout_basic_swamp, gammafunk_ghost_wrathful_warriors,
          swamp_pool_1_2, nicolae_swamp_decorative_isthmus
Orc:1:    layout_diamond_mine, nicolae_orc_quarried_blocks
Orc:2:    grunt_orc_community_town_hall, layout_caves,
          grunt_orc_community_big_house_2, grunt_orc_community_big_house_1,
          grunt_orc_community_house_3, grunt_orc_community_house_2,
          grunt_orc_community_house_3, grunt_orc_community_house_2,
          nicolae_shop_gadgets

Skill      XL: |  1  2  3  4  5  6  7  8  9 10 11 12 13 14 15 16 17 |
---------------+----------------------------------------------------+-----
Earth Magic    | 4 5 6 8 9 11 13 14 16 | 16.0
Fighting       | 1 2 3 4 6 8 11 12 | 12.0
Conjurations   | 2 3 4 6 10 11 12 | 12.0
Translocations | 1 2 3 |  3.0
Spellcasting   | 3 4 5 6 7 10 | 10.0
Summonings     | 1 2 4 6 |  6.0
Alchemy        | 2 4 |  4.0
Armour         | 4 6 8 10 | 10.0
Dodging        | 4 6 |  6.0
Air Magic      | 3 4 |  4.0
Necromancy     | 3 4 6 |  6.0
Shields        | 6 8 |  8.0
Evocations     | 5 6 |  6.0
Ice Magic      | 4 |  4.0
Polearms       | 4 8 |  8.7
Stealth        | |  2.1

Action                     |  1- 3 |  4- 6 |  7- 9 | 10-12 | 13-15 | 16-18 || total
---------------------------+-------+-------+-------+-------+-------+-------++-------
  Melee: Short sword       |    31 |     6 |       |       |       |       ||    37
         Halberd           |       |       |       |    14 |    67 |       ||    81
         Staff             |       |       |       |       |   127 |    24 ||   151
         Demon trident     |       |       |       |       |       |   130 ||   130
   Fire: Sling             |       |    13 |   115 |   361 |     3 |       ||   492
  Throw: Throwing net      |       |       |       |     1 |       |       ||     1
   Cast: Sandblast         |    49 |    67 |   145 |   218 |   589 |   431 ||  1499
         Stone Arrow       |       |       |       |    33 |    87 |    26 ||   146
         Mephitic Cloud    |       |       |       |    29 |    84 |    41 ||   154
         Animate Armour    |       |       |       |     4 |     7 |     2 ||    13
         Borgnjor's Vile C |       |       |       |    30 |   109 |    57 ||   196
         Blink             |       |       |       |     1 |       |       ||     1
         Iskenderun's Batt |       |       |       |       |    37 |    54 ||    91
         Irradiate         |       |       |       |       |       |    10 ||    10
         Iskenderun's Myst |       |       |       |       |       |     8 ||     8
 Invoke: Call Merchant     |       |       |       |       |     2 |     2 ||     4
         Potion Petition   |       |       |       |       |       |     1 ||     1
Ability: Evoke Blink       |       |       |       |     1 |       |       ||     1
    Use: Scroll            |     3 |       |    16 |    10 |     7 |     6 ||    42
         Potion            |       |       |       |       |     1 |     2 ||     3
   Stab: Sleeping          |     1 |       |       |       |       |       ||     1
         Confused          |       |       |       |     3 |     6 |     7 ||    16
         Distracted        |       |       |       |       |     1 |       ||     1
 Armour: Robe              |    31 |    27 |    87 |   408 |   421 |       ||   974
         Leather armour    |       |       |       |       |   138 |   419 ||   557
         Scale mail        |       |       |       |       |    28 |       ||    28
  Dodge: Dodged            |    33 |    27 |    60 |   329 |   426 |   202 ||  1077
  Block: Kite shield       |       |       |       |       |   200 |   531 ||   731
         Reflection        |       |       |       |       |    21 |    16 ||    37

Table legend: (Time is in decaauts)
 A = Elapsed time spent in this place.
 B = Non-inter-level travel time spent in this place.
 C = Inter-level travel time spent in this place.
 D = Time resting spent in this place.
 E = Time spent auto-exploring this place.
 F = Levels seen in this place.
 G = Mean time per level.
                   A        B        C        D        E       F      G
               +--------+--------+--------+--------+--------+-----+--------+
         Total |  43142 |  40471 |   2671 |   4222 |  27600 |  30 | 1438.1 |
       Dungeon |  22387 |  20506 |   1881 |   2323 |  13796 |  15 | 1492.5 |
        Temple |     64 |     27 |     37 |      0 |      0 |   1 |   64.0 |
          Lair |   9732 |   9279 |    453 |    728 |   6611 |   5 | 1946.4 |
         Swamp |   5031 |   4950 |     81 |    417 |   3613 |   4 | 1257.8 |
  Orcish Mines |   2995 |   2777 |    218 |      0 |   2193 |   2 | 1497.5 |
         Sewer |    641 |    641 |      0 |      0 |    419 |   1 |  641.0 |
      Ice Cave |   2033 |   2033 |      0 |    754 |    825 |   1 | 2033.0 |
      Gauntlet |    256 |    256 |      0 |      0 |    142 |   1 |  256.0 |
               +--------+--------+--------+--------+--------+-----+--------+

Top non-repeatable levels by time:
     D:9: 3350 daAuts
  Lair:5: 3024 daAuts
    D:11: 2443 daAuts
    D:12: 2108 daAuts
    D:15: 2066 daAuts
  Lair:1: 2050 daAuts
   IceCv: 2033 daAuts
   Orc:2: 1875 daAuts
    D:13: 1820 daAuts
    D:10: 1794 daAuts
  Lair:4: 1674 daAuts
    D:14: 1548 daAuts
  Lair:3: 1505 daAuts
  Lair:2: 1476 daAuts
 Swamp:2: 1441 daAuts
